 Dungeon Sprint DCSS version 0.20-a0-893-g832831a (webtiles) character file.

25 esc the Insei (level 3, -4/25 HPs)
             Began as an Octopode Transmuter on Mar 17, 2017.
             Slain by an ogre
             ... wielding a cursed -1 giant club
              (18 damage)
             ... in the Dungeon (Sprint I: "Red Sonja").
             The game lasted 00:00:32 (19 turns).

esc the Insei (Octopode Transmuter)                   Turns: 19, Time: 00:00:33

Health: -4/25      AC:  1    Str:  9    XL:     3   Next: 4%
Magic:  5/7        EV: 14    Int: 16    God:
Gold:   0          SH:  0    Dex: 12    Spells: 7/8 levels left

rFire    . . .     SeeInvis .     - Unarmed
rCold    . . .     Gourm    .   (no shield)
rNeg     . . .     Faith    .   (helmet restricted)
rPois    .         Spirit   .   (no amulet)
rElec    .         Reflect  .   (no ring)
rCorr    .         Harm     .   (no ring)
MR       .....     NoTele   +   (no ring)
Stlth    ++........             (no ring)
Regen    0.1/turn               (no ring)
MPRegen  0.1/turn               (no ring)
                                (no ring)
                                (no ring)

@: exhausted, slowed, very slow
A: almost no armour, stealthy swim, amphibious, 8 rings, constrict 8, camouflage
1, gelatinous body 1
a: no special abilities


You were in the Dungeon.
You were not hungry.

You visited 1 branch

Inventory:

Missiles
 a - 12 arrows
Scrolls
 i - a scroll of blinking {!r}
Potions
 d - a potion of curing
 e - a potion of heal wounds
 f - a potion of haste
 g - 2 potions of magic
Books
 b - a book of Changes
Comestibles
 c - a bread ration {@e1}


   Skills:
 + Level 2.6 Fighting
 + Level 3.2 Dodging
 + Level 3.8 Unarmed Combat
 + Level 3.0 Spellcasting
 + Level 3.1 Transmutations


You had 7 spell levels left.
You knew the following spells:

 Your Spells              Type           Power        Failure   Level  Hunger
a - Beastly Appendage     Tmut           ##....       8%          1    #......


Dungeon Overview and Level Annotations

Branches:
Dungeon (1/1)

Altars:


Innate Abilities, Weirdness & Mutations

You cannot wear most types of armour.
You are very stealthy in the water. (Stealth+)
You are amphibious.
You can wear up to eight rings at the same time.
You can use your tentacles to constrict eight enemies at once.
Your skin changes colour to match your surroundings (Stealth+).
Your rubbery body absorbs attacks. (AC +1, EV +1)


Message History

Welcome, esc the Octopode Transmuter.
Found a staircase leading out of the dungeon.
Okay, then.
You open the door.
Ijyb the Twisted Goblin comes into view.
There is an open door here.
Really quaff
h - a potion of berserk rage {!q}?
A red film seems to cover your vision as you go berserk!
You feel yourself moving faster!
You feel mighty! Ijyb hits you but does no damage.
You now have 19/19 hp.
You closely miss Ijyb. Your grab misses Ijyb. You closely miss Ijyb.
Your grab misses Ijyb. Ijyb hits you.
You take 4 damage, and have 15/19 hp.
MASSIVE DAMAGE!!
You tentacle-slap Ijyb but do no damage.
You grab Ijyb. You squeeze Ijyb, but do no damage. You constrict Ijyb.
You bludgeon Ijyb! You squeeze Ijyb! You constrict Ijyb, but do no damage.
Ijyb misses you.
You tentacle-slap Ijyb.
You kill Ijyb!
Your Fighting skill increases to level 2!
Your Dodging skill increases to level 3!
Your Spellcasting skill increases to level 3!
Your Transmutations skill increases to level 3!
You have reached level 2!
You have reached level 3!
Your experience leads to an increase in your attributes!
Your base attributes are Str 9, Int 15, Dex 12.
Increase (S)trength, (I)ntelligence, or (D)exterity?
You feel clever.
You regained 14 hp, and now have 29/37 hp.
Things that are here:
a leather armour; the goblin corpse of Ijyb You feel a strong urge to attack something.
The door flies open with a bang!
An ogre comes into view. It is wielding a giant club.
The ogre shouts!
You feel your anger subside.
You are no longer berserk.
You are exhausted.
You feel yourself slow down.
There is an open door here.
You now have 20/25 hp.
Unknown command.
Unknown command.
You tentacle-slap the ogre. The ogre barely misses you.
You barely miss the ogre. The ogre closely misses you.
The ogre hits you with a giant club.
You take 6 damage, and have 14/25 hp.
MASSIVE DAMAGE!!
You tentacle-slap the ogre. The ogre closely misses you.
You barely miss the ogre. The ogre barely misses you.
You tentacle-slap the ogre. The ogre closely misses you.
You tentacle-slap the ogre but do no damage.
The ogre barely misses you.
You tentacle-slap the ogre. The ogre hits you with a giant club!!
Ouch! That really hurt!
You die...

##########
#<.#..@O.#
#..'[.#..+
#..#####+#
#..# #..#
#..# #⌠⌠#
####


You could see an ogre.

Vanquished Creatures
  Ijyb (D)
1 creature vanquished.

Notes
Turn   | Place    | Note
-------+----------+-------------------------------------------
     0 | D        | esc the Octopode Transmuter began the quest for the Orb.
     0 | D        | Reached XP level 1. HP: 13/13 MP: 3/3
     1 | D        | Noticed Ijyb
     8 | D        | Killed Ijyb
     8 | D        | Reached skill level 2 in Fighting
     8 | D        | Reached skill level 3 in Dodging
     8 | D        | Reached skill level 3 in Spellcasting
     8 | D        | Reached skill level 3 in Transmutations
     8 | D        | Reached XP level 2. HP: 20/20 MP: 4/6
     8 | D        | Reached XP level 3. HP: 25/25 MP: 4/7
    11 | D        | Noticed an ogre
    19 | D        | Slain by an ogre

Vault maps used:
D:        dungeon_sprint_1

Skill      XL: |  1 |
---------------+----+-----
Fighting       | 2 |  2.6
Dodging        | 3 |  3.2
Spellcasting   | 3 |  3.0
Transmutations | 3 |  3.1
Unarmed Combat | |  3.8

Action                   || total
-------------------------++-------
Melee: Unarmed           ||    12
       Tentacles         ||     2
       Constrict         ||     1
  Use: Potion            ||     1
Armor: Skin              ||     1
Dodge: Dodged            ||     7

Vault maps used:
D:        dungeon_sprint_1

Table legend:
 A = Turns spent in this place as a percentage of turns spent in the entire game.
 B = Non-inter-level travel turns spent in this place as a percentage of non-inter-level travel turns spent in the entire game.
 C = Inter-level travel turns spent in this place as a percentage of turns spent in this place.
 D = Turns resting spent in this place as a percentage of non-inter-level travel turns spent in this place.
 E = Turns spent auto-exploring this place as a percentage of non-inter-level travel turns spent in this place.
 F = Non-inter-level travel turns spent in this place divided by the number of levels of this place that you've seen.
                   A       B       C       D       E      F
               +-------+-------+-------+-------+-------+----------------------
         Total | 100.0 | 100.0 |   0.0 |   0.0 |   0.0 |  23.0
       Dungeon | 100.0 | 100.0 |   0.0 |   0.0 |   0.0 |  23.0
               +-------+-------+-------+-------+-------+----------------------

Table legend:
 A = Kills in this place as a percentage of kills in entire the game.
 B = Kills by you in this place as a percentage of kills by you in the entire game.
 C = Kills by friends in this place as a percentage of kills by friends in the entire game.
 D = Other kills in this place as a percentage of other kills in the entire game.
 E = Experience gained in this place as a percentage of experience gained in the entire game.
 F = Experience gained in this place divided by the number of levels of this place that you have seen.
                   A       B       C       D       E      F
               +-------+-------+-------+-------+-------+----------------------
         Total | 100.0 | 100.0 |  -nan |  -nan | 100.0 |  36.0
       Dungeon | 100.0 | 100.0 |  -nan |  -nan | 100.0 |  36.0
               +-------+-------+-------+-------+-------+----------------------
